 Dungeon Crawl Stone Soup version 0.21-a0-528-gf531e82 (webtiles) character file.

56 empire the Skirmisher (level 3, -9/35 HPs)
             Began as a Gnoll Wanderer on Dec 8, 2017.
             Mangled by an ogre
             ... wielding a +0 giant club
              (13 damage)
             ... on level 2 of the Dungeon.
             The game lasted 00:04:51 (1595 turns).

empire the Skirmisher (Gnoll Wanderer)              Turns: 1595, Time: 00:04:53

Health: -9/35      AC: 11    Str: 16    XL:     3   Next: 95%
Magic:  5/5        EV: 10    Int: 14    God:
Gold:   122        SH:  0    Dex: 13    Spells: 4/4 levels left

rFire    . . .     SeeInvis .   b - +0 dagger (venom)
rCold    . . .     Gourm    .   (no shield)
rNeg     + . .     Faith    .   i - +3 scale mail
rPois    .         Spirit   .   (no helmet)
rElec    .         Reflect  .   (no cloak)
rCorr    .         Harm     .   q - +0 pair of gloves
MR       .....                  (no boots)
Stlth    ..........             (no amulet)
HPRegen  0.11/turn              (no ring)
MPRegen  0.09/turn              u - ring of positive energy

@: no status effects
A: distributed training, fangs 1, strong nose
a: no special abilities


You were on level 2 of the Dungeon.
You were not hungry.

You visited 1 branch of the dungeon, and saw 2 of its levels.

You collected 122 gold pieces.

Inventory:

Hand Weapons
 a - a +0 club
 b - a +0 dagger of venom (weapon)
 j - a +0 short sword
 m - a +1 dagger
Missiles
 k - 22 bolts
Armour
 i - a +3 scale mail (worn)
 q - a +0 pair of gloves (worn)
Jewellery
 u - a ring of positive energy (right hand)
Scrolls
 e - a scroll of enchant armour
 g - a scroll of magic mapping
 l - a scroll of identify
 t - a scroll of blinking {unknown}
Potions
 c - a potion of heal wounds {unknown}
 n - 2 potions of curing {unknown}
 o - a potion of flight {unknown}
 p - a potion of brilliance
Comestibles
 d - 2 bread rations
 f - a meat ration
 h - a royal jelly


   Skills:
 + Level 6.5 Fighting
 + Level 4.6 Short Blades
 + Level 1.0 Long Blades
 + Level 1.0 Axes
 + Level 1.0 Maces & Flails
 + Level 1.0 Polearms
 + Level 1.0 Staves
 + Level 1.0 Slings
 + Level 1.0 Bows
 + Level 1.0 Crossbows
 + Level 1.0 Throwing
 + Level 4.6 Armour
 + Level 2.6 Dodging
 + Level 1.0 Stealth
 + Level 2.6 Shields
 + Level 1.0 Unarmed Combat
 + Level 1.0 Spellcasting
 + Level 0.7 Conjurations
 + Level 0.7 Hexes
 + Level 0.7 Charms
 + Level 0.7 Summonings
 + Level 0.7 Necromancy
 + Level 0.7 Translocations
 + Level 0.7 Transmutations
 + Level 0.7 Fire Magic
 + Level 0.7 Ice Magic
 + Level 0.7 Air Magic
 + Level 0.7 Earth Magic
 + Level 0.7 Poison Magic
 + Level 1.0 Invocations
 + Level 2.6 Evocations


You had 4 spell levels left.
You didn't know any spells.

Dungeon Overview and Level Annotations

Branches:
Dungeon (2/15)

Altars:


Innate Abilities, Weirdness & Mutations

Your experience applies equally to all skills.
You have very sharp teeth.
Your uncanny sense of smell can sniff out nearby items.


Message History

You see here a stone.
You hit the ogre but do no damage.
The ogre is poisoned.
The ogre barely misses you.
You closely miss the ogre. You hit the ogre. Your punch misses the ogre.
The ogre is lightly wounded.
The ogre hits you with a giant club!!
Ouch! That really hurt!
Your scale mail prevents you from hitting the ogre.
The ogre is lightly wounded.
You barely miss the ogre.
The ogre is lightly wounded.
The ogre hits you with a giant club!
* * * LOW HITPOINT WARNING * * *
You hit the ogre. You bite the ogre, but do no damage.
The ogre is moderately wounded.
You hit the ogre.
The ogre looks even sicker.
The ogre is moderately wounded.
The ogre hits you with a giant club!
You die...

*,* ♣>.♣♣ ♣♣..♣♣ *,* ♣♣♣♣
♣♣... *,** ♣♣♣. *****,,*
########## ######† *,,,,,,*
#........# #......
*,,,,,,***###....#...###.#####
*,,,,,,,,*#...................
*,,,,,,,,*#...........##......
*,,,,,,,,*#..@.K......######.#
*,,,,,,,,*#...O...##..#*,_,###
*,,,,,,,........#..[..#,,,,,8,
*,,,,,..........#.....#,,⌠,,,,
****,,..........#.....#*,,,,,,
*,,.......#####.....***,,,,
*,,.......* *###.#.,***+*
*,,.......* ***,,**,,,
*,,,,,,,,,* *,,,,,,,


You could see an ogre and a kobold.

Vanquished Creatures
  2 adders
  2 worms (D:2)
  A dart slug (D:1)
  A leopard gecko (D:2)
  2 bats (D:1)
  4 goblins
  6 hobgoblins
  3 jackals (D:1)
  A frilled lizard (D:1)
  2 kobolds (D:1)
  3 rats
27 creatures vanquished.

Notes
Turn   | Place    | Note
-------+----------+-------------------------------------------
     0 | D:1      | empire the Gnoll Wanderer began the quest for the Orb.
     0 | D:1      | empire set off with: a +2 scale mail, 2 potions of lignification, a +0 club, a bread ration
     0 | D:1      | Reached XP level 1. HP: 23/23 MP: 2/2
   194 | D:1      | Reached XP level 2. HP: 29/29 MP: 3/3
   690 | D:2      | Reached XP level 3. HP: 6/35 MP: 4/4
  1129 | D:2      | Reached skill level 1 in Invocations
  1173 | D:2      | Noticed an ogre
  1212 | D:1      | Reached skill level 1 in Long Blades
  1212 | D:1      | Reached skill level 1 in Axes
  1212 | D:1      | Reached skill level 1 in Maces & Flails
  1212 | D:1      | Reached skill level 1 in Polearms
  1212 | D:1      | Reached skill level 1 in Staves
  1212 | D:1      | Reached skill level 1 in Slings
  1212 | D:1      | Reached skill level 1 in Bows
  1212 | D:1      | Reached skill level 1 in Crossbows
  1212 | D:1      | Reached skill level 1 in Throwing
  1212 | D:1      | Reached skill level 1 in Stealth
  1212 | D:1      | Reached skill level 1 in Unarmed Combat
  1212 | D:1      | Reached skill level 1 in Spellcasting
  1595 | D:2      | Mangled by an ogre

Vault maps used:
D:1:      dpeg_arrival_fog
D:2:      kb_forest_paths, gammafunk_temple_overflow_pools

Skill      XL: |  1  2  3 |
---------------+----------+-----
Invocations    | 1 |  1.0
Long Blades    | 1 |  1.0
Axes           | 1 |  1.0
Maces & Flails | 1 |  1.0
Polearms       | 1 |  1.0
Staves         | 1 |  1.0
Slings         | 1 |  1.0
Bows           | 1 |  1.0
Crossbows      | 1 |  1.0
Throwing       | 1 |  1.0
Stealth        | 1 |  1.0
Unarmed Combat | 1 |  1.0
Spellcasting   | 1 |  1.0
Fighting       | |  6.5
Short Blades   | |  4.6
Armour         | |  4.6
Dodging        | |  2.6
Shields        | |  2.6
Conjurations   | |  0.7
Hexes          | |  0.7
Charms         | |  0.7
Summonings     | |  0.7
Necromancy     | |  0.7
Translocations | |  0.7
Transmutations | |  0.7
Fire Magic     | |  0.7
Ice Magic      | |  0.7
Air Magic      | |  0.7
Earth Magic    | |  0.7
Poison Magic   | |  0.7
Evocations     | |  2.6

Action                   || total
-------------------------++-------
Melee: Club              ||   127
       Bite              ||    16
       Dagger            ||    45
  Use: Potion            ||     2
       Scroll            ||     7
  Eat: Chunk             ||     2
Armor: Scale mail        ||   111
       Skin              ||    13
Dodge: Dodged            ||   124

Table legend:
 A = Spawn XP
 B = Non-spawn XP
 C = Spawn XP percentage of total XP
 D = Spawn monster count
 E = Non-spawn monster count
 F = Spawn count percentage of total count
 G = Total turns spent on level
                    A         B        C        D         E        F      G
               +---------+---------+-------+---------+---------+-------+---------
         Total |       0 |      80 |   0.0 |       0 |      27 |   0.0 |  1595
               +---------+---------+-------+---------+---------+-------+---------
           D:1 |       0 |      47 |   0.0 |       0 |      19 |   0.0 |  1030
           D:2 |       0 |      33 |   0.0 |       0 |       8 |   0.0 |   565
               +---------+---------+-------+---------+---------+-------+---------
